 Dungeon Sprint DCSS version 0.26-a0-658-gbdda728c12 (webtiles) character file.

Game seed: 7771811196748392324

1261 DogServant the Fighter (level 8, -2/78 HPs)
             Began as a Demonspawn Berserker on Oct 5, 2020.
             Was a Priest of Trog.
             Slain by a demonic crawler (9 damage)
             ... in the Dungeon (Sprint I: "Red Sonja").
             The game lasted 00:02:03 (713 turns).

DogServant the Fighter (Demonspawn Berserker)        Turns: 713, Time: 00:02:04

Health: -2/78      AC:  7    Str: 18    XL:     8   Next: 27%
Magic:  8/8        EV: 11    Int:  8    God:    Trog [***...]
Gold:   289        SH:  0    Dex: 15    Spells: 7/7 levels left

rFire    . . .     SeeInvis .   a - +0 falchion
rCold    + . .     Faith    .   (no shield)
rNeg     . . .     Spirit   .   k - +1 scale mail {rC+}
rPois    .         Reflect  .   (no helmet)
rElec    .         Harm     .   (no cloak)
rCorr    .         Rampage  .   (no gloves)
MR       .....     NoTele   +   (no boots)
Stlth    ..........             (no amulet)
HPRegen  0.23/turn              (no ring)
MPRegen  0.11/turn              (no ring)

@: berserk cooldown, slowed, very slow
A: claws 2, talons 1, powered by death 1, powered by pain 1
a: Berserk, Trog's Hand, Renounce Religion


You were in the Dungeon.
You worshipped Trog.
Trog was most pleased with you.
You visited 1 branch You collected 422 gold pieces.
You spent 133 gold pieces at shops.

Inventory:

Hand Weapons
 a - a +0 falchion (weapon)
Armour
 b - a +0 animal skin
 i - a +0 ring mail
 k - a +1 scale mail of cold resistance (worn)
Scrolls
 h - a scroll of blinking
 j - a scroll of immolation {unknown}
Potions
 c - a potion of curing
 d - a potion of heal wounds
 e - a potion of haste
 f - 2 potions of magic
 g - a potion of berserk rage


   Skills:
 + Level 12.8 Fighting
 + Level 11.9 Long Blades
 - Level 2.4 Armour
 - Level 2.4 Dodging


You had 7 spell levels left.
You didn't know any spells.
Your spell library was empty.

Dungeon Overview and Level Annotations

Branches:
Dungeon (1/1)

Altars:
Cheibriados
Dithmenos
Elyvilon
Fedhas
Gozag
Hepliaklqana
Kikubaaqudgha
Makhleb
Nemelex Xobeh
Okawaru
Qazlal
Ru
Sif Muna
Trog
Uskayaw
Vehumet
Wu Jian
Xom
Yredelemnul
Zin
The Shining One
Jiyva
Lugonu

Shops:
D [


Innate Abilities, Weirdness & Mutations

You have very sharp fingernails.
You have sharp toenails.
You regenerate a little health from kills.
You sometimes gain a little power by taking damage.


Message History

The demonic crawler hits you!
* * * LOW HITPOINT WARNING * * *
The demonic crawler hits you.
* * * LOW HITPOINT WARNING * * *
The demonic crawler hits your ogre!
The demonic crawler barely misses your ogre.
The demonic crawler hits your ogre. The demonic crawler hits your ogre!
The demonic crawler hits your ogre. x2
The demonic crawler hits you but does no damage.
The demonic crawler hits you.
* * * LOW HITPOINT WARNING * * *
The demonic crawler completely misses you.
The demonic crawler hits your ogre!
Your ogre dies!
Your ogre's corpse disappears in a puff of smoke!
The demonic crawler hits you but does no damage.
The demonic crawler barely misses you.
The demonic crawler hits you but does no damage.
The demonic crawler hits you!
You die...

#######################
#..'..#.)'..#__#.s's..#
'..#..'..#..'..'@s#...##+#
#####'#####'#__####...'..#
####..#...#.#### #####..+
#__####..##§#§§§.c# ##
#_____##'#_.'≈§≈..+
#_.∩...'...§#§≈≈.c#
#_..__##_.#+##+###
#_____###+# #######


You could see 3 demonic crawlers.

Vanquished Creatures
  2 kobold demonologists (D)
  A slime creature (D)
  Sigmund (D)
  A yak (D)
  A floating eye (D)
  An ogre (D)
  A jelly (D)
  Ijyb (D)
9 creatures vanquished.

Notes
Turn   | Place    | Note
-------+----------+-------------------------------------------
     0 | D        | DogServant the Demonspawn Berserker began the quest for the
                  | Orb.
     0 | D        | Reached XP level 1. HP: 18/18 MP: 1/1
     1 | D        | Noticed Ijyb
    14 | D        | Killed Ijyb
    14 | D        | Reached skill level 4 in Fighting
    14 | D        | Gained mutation: You have sharp fingernails. [demonic
                  | ancestry]
    14 | D        | Reached XP level 2. HP: 26/26 MP: 2/2
    46 | D        | Noticed an ogre
    54 | D        | Killed an ogre
    54 | D        | Reached skill level 6 in Fighting
    54 | D        | Gained mutation: You sometimes gain a little power by
                  | taking damage. [demonic ancestry]
    54 | D        | Reached XP level 3. HP: 35/35 MP: 3/3
    54 | D        | Reached XP level 4. HP: 41/41 MP: 4/4
   196 | D        | Noticed Sigmund
   207 | D        | Killed Sigmund
   207 | D        | Reached ** piety under Trog
   207 | D        | Reached skill level 9 in Fighting
   207 | D        | Gained mutation: You regenerate a little health from kills.
                  | [demonic ancestry]
   207 | D        | Reached XP level 5. HP: 52/52 MP: 5/5
   207 | D        | Gained mutation: You have sharp toenails. [demonic
                  | ancestry]
   207 | D        | Reached XP level 6. HP: 58/58 MP: 6/6
   258 | D        | Found a burning altar of Makhleb.
   258 | D        | Found a viscous altar of Jiyva.
   258 | D        | Found a shimmering altar of Xom.
   258 | D        | Found a corrupted altar of Lugonu.
   258 | D        | Noticed a slime creature
   263 | D        | Killed a slime creature
   263 | D        | Reached skill level 10 in Fighting
   421 | D        | Found an ornate altar of the Wu Jian Council.
   421 | D        | Found a shimmering blue altar of Sif Muna.
   423 | D        | Found a radiant altar of Vehumet.
   432 | D        | Found Hiagycra's Antique Armour Emporium.
   432 | D        | Found an ancient bone altar of Kikubaaqudgha.
   432 | D        | Found a hazy altar of Hepliaklqana.
   432 | D        | Found a stormy altar of Qazlal.
   432 | D        | Found a hide-covered altar of Uskayaw.
   432 | D        | Found a blossoming altar of Fedhas.
   432 | D        | Found a bloodstained altar of Trog.
   432 | D        | Found an iron altar of Okawaru.
   432 | D        | Found a basalt altar of Yredelemnul.
   432 | D        | Found a glowing golden altar of the Shining One.
   432 | D        | Found a snail-covered altar of Cheibriados.
   432 | D        | Found a sacrificial altar of Ru.
   432 | D        | Found a glowing silver altar of Zin.
   432 | D        | Found a shadowy altar of Dithmenos.
   432 | D        | Found a white marble altar of Elyvilon.
   432 | D        | Noticed a yak
   437 | D        | Killed a yak
   437 | D        | Reached *** piety under Trog
   437 | D        | Reached skill level 11 in Fighting
   437 | D        | Reached skill level 10 in Long Blades
   437 | D        | Gained mutation: You have very sharp fingernails. [demonic
                  | ancestry]
   437 | D        | Reached XP level 7. HP: 68/68 MP: 7/7
   507 | D        | Found an opulent altar of Gozag.
   533 | D        | Found a sparkling altar of Nemelex Xobeh.
   537 | D        | Bought a shiny scale mail for 133 gold pieces
   565 | D        | Noticed a centaur warrior
   567 | D        | Noticed a centaur warrior
   584 | D        | Noticed a kobold demonologist
   584 | D        | Noticed a kobold demonologist
   596 | D        | Killed a kobold demonologist
   596 | D        | Reached skill level 12 in Fighting
   596 | D        | Reached XP level 8. HP: 77/77 MP: 8/8
   597 | D        | Killed a kobold demonologist
   597 | D        | Reached **** piety under Trog
   699 | D        | Noticed a demonic crawler
   699 | D        | Noticed a demonic crawler
   699 | D        | Noticed a demonic crawler
   699 | D        | Noticed a demonic crawler
   713 | D        | Slain by a demonic crawler

Illustrated notes

Levels and vault maps discovered:
D:        dungeon_sprint_1 [red_sonja_temple_1, red_sonja_temple_small_1]

Skill      XL: |  1  2  3  4  5  6  7 |
---------------+----------------------+-----
Fighting       | 4 6 9 11 12 | 12.8
Long Blades    | 4 6 8 10 11 | 11.9
Armour         | 2 |  2.4
Dodging        | 2 |  2.4

Action                   |  1- 3 |  4- 6 |  7- 9 || total
-------------------------+-------+-------+-------++-------
Melee: Falchion          |    14 |    18 |    16 ||    48
       Kick              |       |     8 |     7 ||    15
Invok: Berserk           |     2 |     3 |     2 ||     7
       Brothers in Arms  |       |       |     1 ||     1
Armor: Animal skin       |     1 |       |       ||     1
       Ring mail         |       |     1 |       ||     1
       Scale mail        |       |       |    15 ||    15
Dodge: Dodged            |     6 |     7 |    18 ||    31
       Rpst.: Falchion   |     2 |     4 |     2 ||     8

Table legend: (Time is in decaauts)
 A = Elapsed time spent in this place.
 B = Non-inter-level travel time spent in this place.
 C = Inter-level travel time spent in this place.
 D = Time resting spent in this place.
 E = Time spent auto-exploring this place.
 F = Levels seen in this place.
 G = Mean time per level.
                   A        B        C        D        E       F      G
               +--------+--------+--------+--------+--------+-----+--------+
         Total |    764 |    764 |      0 |    562 |     24 |   1 |  764.0 |
       Dungeon |    764 |    764 |      0 |    562 |     24 |   1 |  764.0 |
               +--------+--------+--------+--------+--------+-----+--------+

Top non-repeatable levels by time:
       D: 764 daAuts
